 Dungeon Crawl Stone Soup version 0.32-a0-19-g28bc0835a1 (webtiles) character file.

Game seed: 7048965045282103249

6954 shadizar the Fighter (level 11, -4/72 HPs)
             Began as a Gargoyle Fighter on Jan 17, 2024.
             Was a Believer of Okawaru.
             Slain by a purple ugly thing (12 damage)
             ... in a Gauntlet.
             The game lasted 00:16:54 (10400 turns).

shadizar the Fighter (Gargoyle Fighter)            Turns: 10400, Time: 00:16:55

Health: -4/72      AC: 28    Str: 30    XL:     11   Next: 7%
Magic:  16/20      EV:  9    Int:  9    God:    Okawaru [**....]
Gold:   542        SH: 12    Dex:  9    Spells: 10/10 levels left

rFire   + + +        K - +3 mace (heavy)
rCold   + + .        c - +0 buckler
rNeg    + . .        w - +0 plate armour of Tunt {Rampage rCorr MP+9}
rPois   ∞            n - +0 helmet
rElec   +            x - scarf {rC+ rF+}
rCorr   +            I - +0 pair of gloves
SInv    .            C - -1 pair of boots of Absence {-Tele rF++ rCorr}
Will    .....        J - amulet of reflection Stlth
                     j - ring of protection from cold
HPRegen 0.32/turn    p - +6 ring of strength
MPRegen 0.17/turn

%: no teleportation, reflection, rampage
@: heroic
A: sickness immunity, AC +8, negative energy resistance 1, electricity
resistance, torment resistance 1, petrification resistance
a: Renounce Religion, Heroism


You were in a Gauntlet.
You worshipped Okawaru.
Okawaru was pleased with you.
You visited 3 branches of the dungeon, and saw 11 of its levels.
You also visited: Gauntlet.

You collected 542 gold pieces.

Inventory:

Hand Weapons
 y - a +0 morningstar
 K - a +3 heavy mace (weapon)
Armour
 c - a +0 buckler (worn)
 k - a +1 pair of gloves of strength
 m - a +0 chain mail
 n - a +0 helmet (worn)
 w - the +0 plate armour of Tunt (worn) {Rampage rCorr MP+9}
   (You found it on level 6 of the Dungeon)

   MP+9:      It affects your magic capacity (+9).
   rCorr:     It protects you from acid and corrosion.
   Rampage:   It bestows one free step when moving towards enemies.
 x - a scarf of resistance (worn)
 C - the -1 pair of boots of Absence (worn) {-Tele rF++ rCorr}
   (You found it on level 6 of the Dungeon)

   rF++:      It greatly protects you from fire.
   -Tele:     It prevents most forms of teleportation.
   rCorr:     It protects you from acid and corrosion.
 D - a +1 pair of boots
 F - a +1 cloak
 I - a +0 pair of gloves (worn)
Jewellery
 j - a ring of protection from cold (left hand)
 p - a +6 ring of strength (right hand)
 s - a ring of ice
 t - a +4 ring of protection
 B - a ring of positive energy
 J - an amulet of reflection (around neck)
Wands
 a - a wand of digging (6)
 l - a wand of iceblast (5)
 z - a wand of charming (7)
 E - a wand of polymorph (14)
 H - a wand of flame (25)
Scrolls
 e - a scroll of fear
Potions
 b - 3 potions of mutation
 d - 4 potions of might
 f - 2 potions of magic {unknown}
 g - 2 potions of curing
 h - a potion of brilliance
 i - a potion of enlightenment
 o - a potion of degeneration {unknown}
 q - 3 potions of cancellation
 r - a potion of lignification {unknown}
 u - 2 potions of berserk rage {unknown}
 G - a potion of ambrosia {unknown}


   Skills:
 + Level 9.8(14.8) Fighting
 + Level 8.6(13.6) Maces & Flails
 + Level 9.7(14.7) Armour
 + Level 9.8(14.8) Shields


You had 10 spell levels left.
You didn't know any spells.
Your spell library contained the following spells:

 Spells                   Type           Power      Damage    Failure   Level
 Apportation              Tloc           0%         N/A       94%         1
 Kiss of Death            Conj/Necr      0%         2d5       94%         1
 Necrotise                Necr           0%         1d4       94%         1
 Sting                    Conj/Alch      0%         1d3       94%         1
 Confusing Touch          Hex            0%         N/A       100%        3
 Dispel Undead            Necr           0%         3d6       100%        4
 Summon Small Mammal      Summ           Unusable   N/A       N/A         1
 Call Canine Familiar     Summ           Unusable   N/A       N/A         3
 Summon Blazeheart Golem  Fire/Summ      Unusable   N/A       N/A         4

Dungeon Overview and Level Annotations

Branches:
Dungeon (9/15)             Temple (1/1) D:7            Lair (1/5) D:9
Gauntlet (1/1)
    Orc: D:9-12

Altars:
Ashenzari
Cheibriados
Dithmenos
Elyvilon
Fedhas
Gozag
Hepliaklqana
Kikubaaqudgha
Makhleb
Nemelex Xobeh
Okawaru
Qazlal
Ru
Sif Muna
Trog
Uskayaw
Vehumet
Wu Jian
Xom
Yredelemnul
Zin
The Shining One

Shops:
D:2 *   D:6 =

Annotations:
D:2 1 runed translucent door, Crazy Yiuf
D:4 1 transporter
D:6 2 runed translucent doors Gauntlet 9 transporters, 21 runed translucent doors, exclusion: oklob plant


Innate Abilities, Weirdness & Mutations

You are immune to sickness and miasma.
Your stone body is resilient. (AC +8)
You are immune to poison.
You resist negative energy. (rN+)
You are resistant to electric shocks. (rElec)
You are resistant to unholy torment.
You are immune to petrification.


Message History

You are confused.
Unknown command.
The death scarab attacks as it pursues you!
The death scarab bites you.
* * * LOW HITPOINT WARNING * * *
The death scarab drains your vigour!
You feel as though you will be slow longer.
The death scarab barely misses you. The purple ugly thing punches you.
* * * LOW HITPOINT WARNING * * *
Unknown command.
You are too confused!
Unknown command.
Okay, then.
Okay, then.
You bump into the translucent stone wall.
The purple ugly thing punches you but does no damage.
Unknown command.
Your magical effects are unravelling.
You feel magically purged.
You feel yourself speed up.
You feel less confused. The purple ugly thing punches you.
* * * LOW HITPOINT WARNING * * *
The purple ugly thing punches you but does no damage.
Unknown command.
Unknown command.
Unknown command.
Okay, then.
You gain the combat prowess of a mighty hero.
The purple ugly thing punches you!
* * * LOW HITPOINT WARNING * * *
Unknown command.
Okay, then.
The purple ugly thing attacks as it pursues you!
You block the purple ugly thing's attack.
Unknown command.
You see here 38 gold pieces.
Unknown command.
The purple ugly thing attacks as it pursues you!
The purple ugly thing punches you!
You die...

.©.+..#...#.........#..#8#
...+..#...#..##.##..#..###
+#+#++#...#.##...##.#..#
...+..#...#.#....Z#.#..###
...+..#...#....©.G.B#..#8#
...#++#...#.#.....#.#..###
+++#..#...#.##..k##.#..#
.....G#...#..##.##.B#..###
.©[!GG#...#..=?©@uB.#..#8#
#######...###########..###
.....................§§#
.......≈§≈............§#
########################
≈...............≈##8#
8.8.8..©.©..8.8.8####
§...............≈#
########.#########


You could see a purple ugly thing and 2 death scarabs.

Vanquished Creatures
  A hydra (D:9)
  A centaur warrior (D:9)
  A two-headed ogre (D:9)
  A manticore (D:9)
  Psyche (D:9)
  A troll (D:9)
  A hornet (D:8)
  2 steam dragons
  2 acid dragons (D:9)
  2 orc warriors
  4 water moccasins
  4 sky beasts
  A black bear (D:6)
  An ice beast (D:7)
  An ogre (D:5)
  4 centaurs
  2 phantoms (D:5)
  A kobold brigand (D:9)
  3 bullfrogs
  A scorpion (D:4)
  8 wights
  3 killer bees (D:7)
  5 howler monkeys
  A bombardier beetle (D:7)
  2 electric eels (D:8)
  4 hounds
  A jelly (D:5)
  3 orc priests
  2 iguanas (D:6)
  3 sleepcaps
  12 orc wizards
  5 adders
  2 white imps
  2 ufetubi (D:6)
  A ribbon worm (D:3)
  28 orcs
  5 endoplasms
  6 goblins
  7 hobgoblins
  6 jackals
  3 quokkas
  5 ball pythons
  5 bats
  4 frilled lizards
  5 kobolds
  4 rats
  A spectral hobgoblin (D:2)
168 creatures vanquished.

Notes
Turn   | Place    | Note
-------+----------+-------------------------------------------
     0 | D:1      | shadizar the Gargoyle Fighter began the quest for the Orb.
     0 | D:1      | Reached XP level 1. HP: 14/14 MP: 1/1
   123 | D:1      | Reached XP level 2. HP: 19/19 MP: 2/2
   759 | D:2      | Found Vifrythro's Assorted Antiques.
   804 | D:2      | Reached XP level 3. HP: 21/23 MP: 3/3
   947 | D:2      | Found a faded altar of an unknown god.
  1351 | D:2      | Found a runed translucent door.
  1352 | D:2      | Noticed Crazy Yiuf
  1690 | D:3      | Reached XP level 4. HP: 27/29 MP: 4/4
  1845 | D:3      | Reached XP level 5. HP: 33/33 MP: 5/5
  1959 | D:3      | Found a white marble altar of Elyvilon.
  1959 | D:3      | Found a glowing golden altar of the Shining One.
  1959 | D:3      | Found a glowing silver altar of Zin.
  2055 | D:3      | Found a shadowy altar of Dithmenos.
  2503 | D:4      | Reached XP level 6. HP: 39/39 MP: 6/6
  2723 | D:4      | Reached skill level 5 in Fighting
  2723 | D:4      | Reached skill level 5 in Armour
  2723 | D:4      | Reached skill level 5 in Shields
  3074 | D:4      | Found a sparkling altar of Nemelex Xobeh.
  3074 | D:4      | Found a transporter.
  3074 | D:4      | Noticed a water moccasin
  3358 | D:5      | Entered Level 5 of the Dungeon
  3395 | D:5      | Reached XP level 7. HP: 43/44 MP: 7/7
  3962 | D:5      | Found a bloodstained altar of Trog.
  3985 | D:5      | You fall into a shaft and drop 1 floor!
  3987 | D:6      | Identified the +0 plate armour of Tunt {Rampage rCorr MP+9}
  4569 | D:5      | Reached XP level 8. HP: 34/51 MP: 8/8
  4826 | D:6      | Reached skill level 5 in Maces & Flails
  4941 | D:6      | Found a runed translucent door.
  5126 | D:6      | Identified the -1 pair of boots of Absence {-Tele rF++
                  | rCorr}
  5193 | D:6      | Found Viot's Jewellery Shop.
  5308 | D:6      | Found a runed translucent door.
  5366 | D:6      | Reached XP level 9. HP: 24/56 MP: 9/9
  6193 | D:7      | Found a staircase to the Ecumenical Temple.
  6217 | Temple   | Entered the Ecumenical Temple
  8103 | D:8      | Found a sacrificial altar of Ru.
  8171 | D:8      | Found an ornate altar of the Wu Jian Council.
  8171 | D:8      | Noticed a hornet
  8197 | D:8      | Killed a hornet
  8326 | D:8      | Found a broken altar of Ashenzari.
  8331 | D:8      | Reached XP level 10. HP: 64/64 MP: 10/10
  8494 | D:9      | Found a staircase to the Lair.
  8555 | D:9      | Noticed Psyche
  8615 | D:9      | Killed Psyche
  8669 | D:9      | Found an iron altar of Okawaru.
  8671 | D:9      | Found a basalt altar of Yredelemnul.
  8671 | D:9      | Noticed a two-headed ogre
  8687 | D:9      | Killed a two-headed ogre
  8699 | D:9      | Found a shimmering blue altar of Sif Muna.
  8703 | D:9      | Became a worshipper of Warmaster Okawaru
  8985 | D:9      | Noticed a manticore
  8987 | D:9      | Noticed a centaur warrior
  8997 | D:9      | Killed a centaur warrior
  8997 | D:9      | Reached * piety under Okawaru
  9001 | D:9      | Killed a manticore
  9007 | D:9      | Reached ** piety under Okawaru
  9008 | D:9      | Noticed an eight-headed hydra
  9563 | D:9      | Killed an eight-headed hydra
  9564 | D:9      | Reached XP level 11. HP: 35/72 MP: 11/11
  9841 | Lair:1   | Entered Level 1 of the Lair of Beasts
  9841 | Lair:1   | Found a gate leading to a gauntlet.
  9844 | Gauntlet | Entered a Gauntlet
  9844 | Gauntlet | Noticed a shining eye
  9844 | Gauntlet | Found a transporter.
  9844 | Gauntlet | Found a transporter.
  9844 | Gauntlet | Found a transporter.
  9845 | Gauntlet | Found a transporter.
  9846 | Gauntlet | Noticed a purple ugly thing
  9853 | Gauntlet | Found a large runed translucent door.
  9853 | Gauntlet | Noticed a spectral catoblepas
  9854 | Gauntlet | Found a large runed translucent door.
  9855 | Gauntlet | Noticed a spectral death yak
  9855 | Gauntlet | Found a large runed translucent door.
  9855 | Gauntlet | Found a large runed translucent door.
  9855 | Gauntlet | Found a runed translucent door.
  9855 | Gauntlet | Found a runed translucent door.
  9856 | Gauntlet | Found a large runed translucent door.
  9856 | Gauntlet | Found a large runed translucent door.
  9856 | Gauntlet | Found a large runed translucent door.
  9856 | Gauntlet | Found a large runed translucent door.
  9857 | Gauntlet | Found a large runed translucent door.
  9857 | Gauntlet | Found a large runed translucent door.
  9858 | Gauntlet | Found a large runed translucent door.
  9858 | Gauntlet | Found a large runed translucent door.
  9859 | Gauntlet | Found a runed translucent gate.
  9859 | Gauntlet | Found a runed translucent gate.
  9859 | Gauntlet | Found a runed translucent gate.
  9860 | Gauntlet | Noticed a death scarab
  9861 | Gauntlet | Found a transporter.
  9861 | Gauntlet | Noticed a death scarab
  9865 | Gauntlet | Found a transporter.
  9865 | Gauntlet | Found a transporter.
  9897 | Gauntlet | Noticed a glowing orange brain
  9926 | Gauntlet | Found a transporter.
  9936 | Gauntlet | Found a transporter.
  9936 | Gauntlet | Found the ring of the Hare {EV+10}
  9951 | Gauntlet | Found a transporter.
  9960 | Gauntlet | Noticed an oklob plant
  9961 | Gauntlet | Found a transporter.
  9976 | Gauntlet | Found a transporter.
  9978 | Gauntlet | Found a large runed translucent door.
  9979 | Gauntlet | Found a large runed translucent door.
  9983 | Gauntlet | Noticed a shining eye
 10007 | Gauntlet | Found a large runed translucent door.
 10008 | Gauntlet | Found a large runed translucent door.
 10400 | Gauntlet | Slain by a purple ugly thing

Illustrated notes

Levels and vault maps discovered:
D:1:      dpeg_arrival_solitude, layout_loops_cross
D:2:      layout_basic, dreamdust_ecumenical_altar_drowned_temple, serial_shops,
          nicolae_shop_tiny_waterfront, hex_tiny, roderic_serpentine_path,
          uniq_crazy_yiuf_cottage
D:3:      layout_basic, dreamdust_divine_triumvirate,
          mainiacjoe_overflow_alcove_4
D:4:      layout_basic, grunt_nemelex_the_gamble
D:5:      cheibrodos_quashed, layout_basic, trog_book,
          kennysheep_generic_room_14
D:6:      lemuel_insect_pit, layout_cave_pools, serial_shops,
          nicolae_shop_tiny_statue_garden
D:7:      layout_layer_cave, minmay_temple_entry_glassed_door
D:8:      layout_gridville, nicolae_ru_path_of_blood, jmf_multi_god_temple2,
          serial_library_hellmonk_small_corner, minivault_26,
          kennysheep_minor_cross, nicolae_concentric_dashed_squares_wild,
          minivault_27
D:9:      layout_loops_cross, grunt_temple_overflow_open, dpeg_oklobed_lair,
          grunt_ministairs_8, minmay_fractal_squares_gapless_7, uniq_psyche
Temple:   jpeg_temple_alley_garden
Lair:1:   layout_regular_city, gauntlet_entry_generic, beast_lair_carwin_2
Gauntlet: gammafunk_gauntlet_shortcut [gammafunk_gauntlet_arena_hedges,
          gammafunk_gauntlet_arena_split_diamond,
          nicolae_gauntlet_arena_flowing_pool, gammafunk_gauntlet_arena_crates,
          nicolae_gauntlet_arena_x, minmay_gauntlet_arena_make_your_own_arena,
          dreamdust_gauntlet_exit_labyrinth]

Skill      XL: |  1  2  3  4  5  6  7  8  9 10 |
---------------+-------------------------------+-----
Fighting       | 4 5 6 8 9 |  9.8
Shields        | 4 5 6 8 9 |  9.8
Armour         | 4 5 6 8 9 |  9.7
Maces & Flails | 3 4 5 7 8 |  8.6

Action                     |  1- 3 |  4- 6 |  7- 9 | 10-12 || total
---------------------------+-------+-------+-------+-------++-------
  Melee: Flail             |   110 |   191 |    89 |       ||   390
         Morningstar       |       |       |   284 |       ||   284
         Unarmed           |       |       |    15 |       ||    15
         Mace              |       |       |       |    82 ||    82
 Invoke: Heroism           |       |       |       |     4 ||     4
  Evoke: Wand              |       |       |       |     3 ||     3
    Use: Scroll            |       |       |       |    14 ||    14
         Potion            |       |       |       |     1 ||     1
 Armour: Scale mail        |    63 |       |       |       ||    63
         Chain mail        |    26 |   179 |    97 |       ||   302
         Plate armour      |       |       |   346 |   130 ||   476
         Skin              |       |       |    18 |     1 ||    19
  Dodge: Dodged            |    58 |   103 |   200 |    36 ||   397
  Block: Buckler           |    25 |    47 |   135 |    63 ||   270
         Reflection        |       |       |       |     3 ||     3

Table legend: (Time is in decaauts)
 A = Elapsed time spent in this place.
 B = Non-inter-level travel time spent in this place.
 C = Inter-level travel time spent in this place.
 D = Time resting spent in this place.
 E = Time spent auto-exploring this place.
 F = Levels seen in this place.
 G = Mean time per level.
                   A        B        C        D        E       F      G
               +--------+--------+--------+--------+--------+-----+--------+
         Total |  10606 |  10173 |    433 |      0 |   7521 |  12 |  883.8 |
       Dungeon |   9950 |   9555 |    395 |      0 |   7369 |   9 | 1105.6 |
        Temple |     94 |     56 |     38 |      0 |      0 |   1 |   94.0 |
          Lair |      2 |      2 |      0 |      0 |      0 |   1 |    2.0 |
      Gauntlet |    559 |    559 |      0 |      0 |    152 |   1 |  559.0 |
               +--------+--------+--------+--------+--------+-----+--------+

Top non-repeatable levels by time:
     D:8: 1614 daAuts
     D:7: 1391 daAuts
     D:5: 1358 daAuts
     D:9: 1243 daAuts
     D:4: 1097 daAuts
     D:2: 944 daAuts
     D:6: 897 daAuts
     D:1: 709 daAuts
     D:3: 692 daAuts
Gauntlet: 559 daAuts
  Temple: 94 daAuts
  Lair:1: 2 daAuts
